 Dungeon Crawl Stone Soup version 0.26-a0-784-g51bffae0b1 (webtiles) character file.

Game seed: 9356486286171431645

42 Gargoyl the Skirmisher (level 3, -2/35 HPs)
             Began as a Gnoll Abyssal Knight on Nov 10, 2020.
             Was a Follower of Lugonu.
             Slain by Natasha (4 damage)
             ... on level 2 of the Dungeon.
             The game lasted 00:01:26 (1646 turns).

Gargoyl the Skirmisher (Gnoll Abyssal Knight)       Turns: 1646, Time: 00:01:27

Health: -2/35      AC:  6    Str: 15    XL:     3   Next: 56%
Magic:  6/6        EV: 12    Int: 14    God:    Lugonu [*.....]
Gold:   41         SH:  0    Dex: 14    Spells: 3/3 levels left

rFire    . . .     SeeInvis .   a - +1 hand axe
rCold    . . .     Faith    .   (no shield)
rNeg     . . .     Spirit   .   f - +0 ring mail
rPois    .         Reflect  .   (no helmet)
rElec    .         Harm     .   (no cloak)
rCorr    .         Rampage  .   (no gloves)
MR       .....                  (no boots)
Stlth    +.........             (no amulet)
HPRegen  0.11/turn              (no ring)
MPRegen  0.10/turn              (no ring)

@: slowed, very slow
A: distributed training, fangs 1, strong nose
a: Depart the Abyss, Renounce Religion


You were on level 2 of the Dungeon.
You worshipped Lugonu.
Lugonu was aware of your devotion.
You visited 1 branch of the dungeon, and saw 2 of its levels.
You visited the Abyss 1 time.

You collected 41 gold pieces.

Inventory:

Hand Weapons
 a - a +1 hand axe (weapon)
Armour
 f - a +0 ring mail (worn)
Jewellery
 g - an uncursed amulet of faith {unknown}
Scrolls
 b - a scroll of teleportation {unknown}
 d - 2 scrolls of enchant weapon {unknown}
Potions
 c - a potion of curing
 e - a potion of heal wounds {unknown}
 h - a potion of degeneration {unknown}


   Skills:
 + Level 6.5 Fighting
 + Level 0.8 Short Blades
 + Level 0.8 Long Blades
 + Level 4.5 Axes
 + Level 0.8 Maces & Flails
 + Level 0.8 Polearms
 + Level 0.8 Staves
 + Level 0.8 Slings
 + Level 0.8 Bows
 + Level 0.8 Crossbows
 + Level 0.8 Throwing
 + Level 4.5 Armour
 + Level 2.6 Dodging
 + Level 0.8 Stealth
 + Level 0.8 Shields
 + Level 0.8 Unarmed Combat
 + Level 0.8 Spellcasting
 + Level 0.5 Conjurations
 + Level 0.5 Hexes
 + Level 0.5 Summonings
 + Level 0.5 Necromancy
 + Level 0.5 Translocations
 + Level 0.5 Transmutations
 + Level 0.5 Fire Magic
 + Level 0.5 Ice Magic
 + Level 0.5 Air Magic
 + Level 0.5 Earth Magic
 + Level 0.5 Poison Magic
 + Level 4.6 Invocations
 + Level 0.8 Evocations


You had 3 spell levels left.
You didn't know any spells.
Your spell library was empty.

Dungeon Overview and Level Annotations

Branches:
Dungeon (2/15)

Altars:

Annotations:
D:2 Natasha


Innate Abilities, Weirdness & Mutations

Your experience applies equally to all skills.
You have very sharp teeth.
Your uncanny sense of smell can sniff out nearby items.


Message History

Natasha claws you! Natasha closely misses you.
Unknown command.
You hit Natasha but do no damage.
Natasha is almost dead.
You hit the dart slug but do no damage. The white imp gestures at you.
The puff of frost hits you!
* * * LOW HITPOINT WARNING * * *
Natasha casts a spell at you.
You feel as though you will be slow longer.
The dart slug barely misses you.
Natasha casts a spell.
The dart slug bites you but does no damage.
You closely miss Natasha.
Natasha is almost dead.
You hit the crimson imp.
Your ring mail prevents you from hitting the dart slug.
You barely miss the white imp. The white imp barely misses you.
Natasha claws you.
You die...

#..#.........#
#..#...<.....#
#.......#....+
#...$...####.#
.............+
........†###.#..
................
........5.##.##.
.......w@.....#
.......#5h.<..#
...........#..#
.............#
#####........#
#....##..#
...... ..#
#####.. ##


You could see Natasha, a crimson imp (summoned), a white imp (summoned) and a
dart slug.

Vanquished Creatures
  A worm (D:1)
  2 dart slugs (D:1)
  A goblin (D:1)
  6 hobgoblins
  4 jackals (D:1)
  5 kobolds (D:1)
  2 ball pythons (D:1)
  6 bats (D:1)
  5 rats
32 creatures vanquished.

Notes
Turn   | Place    | Note
-------+----------+-------------------------------------------
     0 | Abyss:1  | Gargoyl the Gnoll Abyssal Knight began the quest for the
                  | Orb.
     0 | Abyss:1  | Reached XP level 1. HP: 23/23 MP: 3/3
    25 | Abyss:1  | Found an ancient bone altar of Kikubaaqudgha.
    83 | Abyss:1  | Noticed a wretched star
    84 | D:1      | Escaped the Abyss
   440 | D:1      | Reached XP level 2. HP: 29/29 MP: 5/5
   459 | D:1      | Reached * piety under Lugonu
   873 | D:1      | Reached XP level 3. HP: 34/35 MP: 6/6
  1636 | D:2      | Noticed Natasha
  1645 | D:2      | HP: 1/35 [white imp/puff of frost[Natasha] (10)]
  1646 | D:2      | Slain by Natasha

Illustrated notes

Levels and vault maps discovered:
D:1:      dpeg_arrival_brainrot, layout_basic
D:2:      layout_basic, kennysheep_generic_room_16, uniq_natasha, uniq_sigmund

Action                   || total
-------------------------++-------
Melee: Hand axe          ||    98
       Bite              ||     7
Invok: Depart the Abyss  ||     1
  Use: Scroll            ||     1
Armor: Leather armour    ||    17
       Ring mail         ||    19
Dodge: Dodged            ||   106

Table legend: (Time is in decaauts)
 A = Elapsed time spent in this place.
 B = Non-inter-level travel time spent in this place.
 C = Inter-level travel time spent in this place.
 D = Time resting spent in this place.
 E = Time spent auto-exploring this place.
 F = Levels seen in this place.
 G = Mean time per level.
                   A        B        C        D        E       F      G
               +--------+--------+--------+--------+--------+-----+--------+
         Total |   1657 |   1628 |     29 |      0 |   1352 |   3 |  552.3 |
       Dungeon |   1573 |   1544 |     29 |      0 |   1272 |   2 |  786.5 |
         Abyss |     84 |     84 |      0 |      0 |     80 |   1 |   84.0 |
               +--------+--------+--------+--------+--------+-----+--------+

Top non-repeatable levels by time:
     D:1: 1554 daAuts
 Abyss:1: 84 daAuts
     D:2: 19 daAuts
